AoeStats
← 沉淀

Glade

503368485Analyzed
1v1 RM · 1mo ago on Aug 31, 2026· 45m 51s· 2 players
Game mode
Random Map
Map size
Tiny (2 player)
Population
200
Speed
Normal
Resources
Standard
Victory
Conquest
Starting age
Dark Age
Ending age
Imperial Age
RankedLock teamsTeams togetherTeam positionsShared explorationLock speedFull tech treeHidden civsTurbo modeCheats
Victory
Defeat
🇨🇳 Khitans · China
300
+14
🇿🇦 Spanish · South Africa
267
-14
Wolmarans Staal
6:51 Loom
11:27 Feudal Age
20:36 Castle Age
21:00 Bloodlines
20:42 Horse Collar
20:54 Double-Bit Axe
23:02 Light Cavalry
29:02 Bow Saw
29:28 Heavy Plow
33:32 Imperial Age
32:44 Loom
33:35 Wheelbarrow
32:45 Town Watch
33:11 Scale Barding Armor
34:07 Elite Conquistador
36:34 Ballistics
36:46 Hand Cart
37:45 Forging
40:41 Town Patrol
40:40 Hussar
44:34 Guilds
44:29 Capped Ram
沉淀
12:05 Feudal Age
19:33 Castle Age
21:05 Loom
22:14 Double-Bit Axe
24:32 Bow Saw
24:15 Gold Mining
28:31 Ballistics
29:50 Wheelbarrow
29:43 Padded Archer Armor
31:36 Stone Mining
39:33 Imperial Age
37:19 Hand Cart
38:18 Hand Cart
40:35 Lamellar Armor
42:07 Parthian Tactics
42:29 Leather Archer Armor
42:05 Fletching
42:59 Forging
42:49 Scale Mail Armor
43:28 Fortified Wall
43:56 Bodkin Arrow
45:18 Ordo Cavalry
Connection lost

Rejoining the realm…

Still unreachable

The connection could not be restored.

Session expired

The server has moved on; the page needs a fresh start.